 Dungeon Crawl Stone Soup version 0.19-a0-1626-g5215c36 (webtiles) character file.

7353 4thArraOfDagon the Grappler (level 10, -2/136 HPs)
             Began as a Troll Warper on Sept 18, 2016.
             Was a Believer of Sif Muna.
             Slain by a centaur warrior
             ... wielding a +0 flail of protection
              (12 damage)
             ... on level 12 of the Dungeon.
             The game lasted 00:15:17 (3150 turns).

4thArraOfDagon the Grappler (Troll Warper)          Turns: 3150, Time: 00:15:18

Health: -2/136     AC:  6    Str: 26    XL:     10   Next: 91%
Magic:  12/12      EV: 10    Int: 12    God:    Sif Muna [**....]
Gold:   245        SH:  0    Dex:  7    Spells: 4 memorised, 2 levels left

rFire  + . .     SeeInvis .       - Unarmed
rCold  + . .     Gourm    +     a - +0 robe
rNeg   . . .     Faith    .     (no shield)
rPois  .         Spirit   .     (helmet restricted)
rElec  .         Dismiss  .     u - +0 cloak
rCorr  .         Reflect  .     (gloves unavailable)
MR     .....     Harm     .     (boots unavailable)
Stlth  .......... Clarity  +    p - amulet of rage
                                q - ring of loudness
                                n - ring of stealth

@: berserking, very quick
A: unfitting armour, antennae 1, claws 3, clarity, clumsy 1, cold resistance 1,
fire resistance 1, fast metabolism 3, gourmand, regeneration 1, screaming 1,
shaggy fur 1, tough skin 2
a: Divine Energy, Renounce Religion, Evoke Berserk Rage


You were on level 12 of the Dungeon.
You worshipped Sif Muna.
Sif Muna was pleased with you.
You were completely stuffed.

You visited 1 branch of the dungeon, and saw 12 of its levels.
You also visited: Bailey.

You collected 317 gold pieces.
You spent 72 gold pieces at shops.

Inventory:

Hand Weapons
 A - a +0 giant spiked club
Missiles
 d - 8 tomahawks of dispersal (quivered)
 x - a throwing net
 B - 5 large rocks
Armour
 a - a +0 robe (worn)
 u - a +0 cloak (worn)
 y - a +2 large shield
Jewellery
 n - a ring of stealth (left claw)
 p - an amulet of rage (around neck)
 q - a ring of loudness (right claw)
Scrolls
 c - 2 scrolls of blinking
 h - a scroll of random uselessness
 j - a scroll of fog
 l - 2 scrolls of remove curse
 t - a scroll of immolation
 v - 2 scrolls of amnesia
 w - 2 scrolls of teleportation {unknown}
 C - a scroll of torment {unknown}
Potions
 e - a potion of cancellation {unknown}
 g - a potion of flight {unknown}
 k - a potion of ambrosia {unknown}
 o - a potion of brilliance
 s - a potion of heal wounds
 z - 4 potions of curing
Books
 b - a book of Spatial Translocations

   Spells                             Type                      Level
   a - Apportation                    Translocation                1
   b - Blink                          Translocation                2
   c - Shroud of Golubria             Charms/Translocation         2
   d - Portal Projectile              Translocation                3
   e - Teleport Other                 Translocation                3
   f - Passage of Golubria            Translocation                4
Miscellaneous
 m - a fan of gales
Comestibles
 f - 5 bread rations
 i - 2 meat rations


   Skills:
 + Level 3.3 Fighting
 - Level 0.8 Throwing
 + Level 3.6 Dodging
 * Level 12.4 Unarmed Combat
 + Level 2.5 Spellcasting
 - Level 2.1 Translocations
 * Level 2.5 Transmutations
 - Level 4.0 Invocations
 - Level 5.2 Evocations


You had 2 spell levels left.
You knew the following spells:

 Your Spells              Type           Power        Failure   Level  Hunger
a - Apportation           Tloc           #.........   12%         1    #......
b - Blink                 Tloc           N/A          17%         2    ###....
c - Passage of Golubria   Tloc           N/A          93%         4    #####..
d - Blade Hands           Tmut           #.........   100%        5    ######.


Dungeon Overview and Level Annotations

Branches:
Dungeon (12/15)            Temple (0/1) D:5             Orc (0/2) D:10
   Lair: D:8-11

Altars:
Dithmenos
Sif Muna
Trog

Shops:
D:6 *


Innate Abilities, Weirdness & Mutations

You are too large for most types of armour.
You have claws for hands.
Your metabolism is lightning-fast.
You like to eat raw meat.
Your natural rate of healing is unusually fast.
You are covered in fur. (AC +1)
You have very tough skin. (AC +2)
You have a pair of small antennae on your head.
You possess an exceptional clarity of mind.
You are clumsy. (Dex -2)
Your flesh is cold resistant. (rC+)
Your flesh is heat resistant. (rF+)
You occasionally shout uncontrollably at your foes.


Message History

A red film seems to cover your vision as you go berserk!
You feel yourself moving faster!
You feel mighty!
The centaur warrior hits you with an uncursed flail of protection!
* * * LOW HITPOINT WARNING * * *
Unknown command.
You claw the centaur warrior!
The centaur warrior is moderately wounded.
The centaur warrior hits you but does no damage.
Unknown command.
You claw the centaur warrior!
The centaur warrior is moderately wounded.
The centaur warrior misses you.
Unknown command.
You mangle the centaur warrior!!
The centaur warrior is severely wounded.
Unknown command.
You scratch the centaur warrior.
The centaur warrior is severely wounded.
The centaur warrior hits you with an uncursed flail of protection!
You die...

**,,,,,*,,,,**,**,,,**,*
*,,,,.###...**,,**,*#.,*
*,,*,.......#**,,,,..,**
****,,......##****,.,**
*,,*,,,......### *.#**
*,,,,,*##......###.#
##,,,,,#...........#
....*,,*,,#.....c#**
....#######....(@####
*#..#.$#.(#......(..#**
*......#()).......#...#
*,,#..###...###########
####........#
#..#.......##
#......##### ##....##
......#


You could see a centaur warrior.

Vanquished Creatures
  Erica (D:9)
  3 hill giants
  An ugly thing (D:10)
  A cyclops (D:11)
  A two-headed ogre (D:12)
  4 yaks (D:9)
  Edmund (D:6)
  Duvessa (D:7)
  A water moccasin (D:9)
  An orc warrior (D:9)
  An ice beast (D:7)
  A sky beast (D:11)
  A phantom (D:10)
  2 ogres
  2 necrophages
  3 crocodiles
  5 centaurs
  A big kobold (D:10)
  7 bullfrogs
  A wyvern zombie (D:12)
  Dowan (D:7)
  2 scorpions
  8 wights
  2 crimson imps
  2 centaur skeletons
  Crazy Yiuf (D:7)
  2 jellies
  5 orc wizards
  2 hounds (D:4)
  3 orc priests
  2 bullfrog skeletons
  2 iguanas
  5 worker ants
  4 hound zombies
  6 gnolls
  8 adders
  2 river rats (D:9)
  2 shadow imps
  A worm (D:4)
  4 leopard geckos
  16 orcs
  3 giant cockroaches
  3 goblins (D:3)
  4 jackals (D:1)
  7 kobolds
  A quokka (D:6)
  15 bats
  2 frilled lizards
  8 rats (D:9)
  A fungus (D:9)
163 creatures vanquished.

Vanquished Creatures (others)
  A fungus (D:9)
1 creature vanquished.

Grand Total: 164 creatures vanquished

Notes
Turn   | Place    | Note
-------+----------+-------------------------------------------
     0 | D:1      | 4thArraOfDagon the Troll Warper began the quest for the Orb.
     0 | D:1      | Reached XP level 1. HP: 19/19 MP: 1/1
    76 | D:1      | Reached XP level 2. HP: 27/27 MP: 2/2
   171 | D:3      | Reached skill level 3 in Unarmed Combat
   212 | D:3      | Reached XP level 3. HP: 33/33 MP: 3/3
   293 | D:4      | Reached skill level 4 in Unarmed Combat
   295 | D:4      | Reached XP level 4. HP: 41/41 MP: 4/4
   308 | D:4      | Reached skill level 5 in Unarmed Combat
   396 | D:4      | Reached XP level 5. HP: 48/48 MP: 5/5
   449 | D:4      | Found a deep blue altar of Sif Muna.
   456 | D:4      | Became a worshipper of Sif Muna the Loreminder
   542 | D:4      | Noticed an ogre
   547 | D:4      | Killed an ogre
   547 | D:4      | Reached skill level 6 in Unarmed Combat
   547 | D:4      | Reached XP level 6. HP: 49/55 MP: 6/6
   576 | D:5      | Entered Level 5 of the Dungeon
   672 | D:5      | Found a staircase to the Ecumenical Temple.
   768 | D:6      | Found Kuodyzae's Assorted Antiques.
   768 | D:6      | Noticed Edmund
   787 | D:6      | Killed Edmund
   787 | D:6      | Reached skill level 7 in Unarmed Combat
   787 | D:6      | Reached skill level 1 in Invocations
   800 | D:6      | Bought a scroll labeled DUNIXZIAHY for 19 gold pieces
   800 | D:6      | Bought a scroll labeled HODOAR TAUGUEWK for 19 gold pieces
   800 | D:6      | Bought a glowing white potion for 17 gold pieces
   800 | D:6      | Bought a green potion for 17 gold pieces
   898 | D:6      | Reached XP level 7. HP: 54/62 MP: 7/7
  1100 | D:7      | Reached skill level 8 in Unarmed Combat
  1116 | D:7      | Found a runed door.
  1120 | D:7      | Noticed Crazy Yiuf
  1124 | D:7      | Killed Crazy Yiuf
  1176 | D:7      | Noticed Duvessa
  1176 | D:7      | Noticed Dowan
  1190 | D:7      | Killed Duvessa
  1197 | D:7      | Killed Dowan
  1230 | D:7      | Reached XP level 8. HP: 63/70 MP: 9/9
  1272 | D:7      | Reached skill level 9 in Unarmed Combat
  1564 | D:9      | Reached skill level 1 in Evocations
  1596 | D:9      | Reached * piety under Sif Muna
  1679 | D:9      | Reached skill level 10 in Unarmed Combat
  1721 | D:9      | Found a shadowy altar of Dithmenos.
  1758 | D:9      | Reached XP level 9. HP: 75/76 MP: 11/11
  1859 | D:9      | Gained mutation: Your flesh is cold resistant. (rC+) [potion of mutation]
  1859 | D:9      | Gained mutation: You occasionally shout uncontrollably at your foes. [potion of mutation]
  1859 | D:9      | Gained mutation: You have a pair of small antennae on your head. [potion of mutation]
  1860 | D:9      | Gained mutation: Your flesh is heat resistant. (rF+) [potion of mutation]
  1860 | D:9      | Gained mutation: You possess an exceptional clarity of mind. [potion of mutation]
  1860 | D:9      | Gained mutation: You are clumsy. (Dex -2) [potion of mutation]
  1914 | D:9      | Noticed Erica
  1925 | D:9      | Killed Erica
  1925 | D:9      | Reached skill level 11 in Unarmed Combat
  2193 | D:9      | Found a bloodstained altar of Trog.
  2201 | D:10     | Entered Level 10 of the Dungeon
  2213 | D:10     | Learned a level 2 spell: Blink
  2225 | D:10     | Noticed a hill giant
  2235 | D:10     | Killed a hill giant
  2235 | D:10     | Reached skill level 5 in Evocations
  2256 | D:10     | Reached XP level 10. HP: 59/87 MP: 12/12
  2373 | D:10     | Found a flagged portal.
  2393 | Bailey   | Entered a bailey
  2400 | Bailey   | Learned a level 4 spell: Passage of Golubria
  2429 | D:10     | Noticed a purple ugly thing
  2436 | D:10     | Killed a purple ugly thing
  2445 | D:10     | Gained mutation: You are robust. (+10% HP) [mutagenic meat]
  2448 | D:10     | Lost mutation: You are robust. (+10% HP) [mutagenic meat]
  2543 | D:9      | Reached ** piety under Sif Muna
  2554 | D:9      | Reached skill level 12 in Unarmed Combat
  2782 | D:11     | Learned a level 5 spell: Blade Hands
  2806 | D:11     | Noticed a hill giant
  2818 | D:11     | Killed a hill giant
  2818 | D:11     | Reached skill level 1 in Transmutations
  2899 | D:11     | Noticed a cyclops
  2912 | D:11     | Killed a cyclops
  2977 | D:11     | Noticed a hill giant
  2993 | D:11     | Killed a hill giant
  3139 | D:12     | Noticed a centaur warrior
  3150 | D:12     | Slain by a centaur warrior

Vault maps used:
D:1:      dpeg_arrival_rhombi, solitary_fountain
D:2:      first_bread, eino_tiny_chamber
D:3:      serial_forest, infiniplex_forest_lined_4_way,
          infiniplex_forest_lined_corner, infiniplex_forest_end_2,
          infiniplex_forest_fountain, infiniplex_forest_straight_2
D:4:      ashenzari_altar_1, led_sif_pool
D:5:      nicolae_tso_swordbearing_angel
D:6:      serial_shops, nicolae_shop_overgrown_old_shop, uniq_edmund
D:7:      serial_shops, shop_statue, grunt_ogre_cave, uniq_crazy_yiuf_cottage,
          uniq_duvessa, uniq_joseph
D:8:      kennysheep_steamy, overflow_temple_1_default, marbit_many_paths
D:9:      grunt_dithmenos_shadows, lightli_temple_of_fire,
          grunt_lair_entry_orc_guard_hut, uniq_erica, uniq_grum
D:10:     david_orc_5, enter_bailey_2
D:11:     basic_altar, minmay_liquid_box, grunt_decor_cap,
          minmay_misc_feat_cross, minivault_1, st_stairs_8,
          hangedman_incinerator
D:12:     hangedman_cross_cluster, lab_entry_generic, minmay_checkerbox
Bailey:   bailey_polearm_2, bailey

Skill      XL: |  1  2  3  4  5  6  7  8  9 10 |
---------------+-------------------------------+-----
Unarmed Combat | 3 4 5 6 7 8 10 11 12 | 12.4
Invocations    | 1 3 4 |  4.0
Evocations     | 2 5 |  5.2
Dodging        | 2 3 |  3.6
Fighting       | 3 |  3.3
Spellcasting   | 2 |  2.5
Transmutations | 2 |  2.5
Throwing       | |  0.8
Translocations | |  2.1

Action                   |  1- 3 |  4- 6 |  7- 9 | 10-12 || total
-------------------------+-------+-------+-------+-------++-------
Melee: Unarmed           |    79 |    98 |   244 |   140 ||   561
       Punch             |       |     1 |     8 |     5 ||    14
 Abil: Evoke Berserk Rag |       |     1 |     7 |     7 ||    15
  Use: Potion            |     1 |       |     2 |     1 ||     4
       Scroll            |       |       |     8 |     4 ||    12
 Stab: Sleeping          |       |     1 |       |       ||     1
  Eat: Chunk             |     6 |     8 |    13 |    25 ||    52
Armor: Robe              |    33 |    19 |    79 |    24 ||   155
Dodge: Dodged            |    45 |    32 |   128 |    53 ||   258
